 Dungeon Crawl Stone Soup version 0.19-a0-1682-g5114f93 (webtiles) character file.

4036 JeffiDaFish the Magician (level 10, -3/81 HPs)
             Began as a Yellow Draconian Fire Elementalist on Sept 22, 2016.
             Was a Priest of Makhleb.
             Slain by an ogre
             ... wielding a +0 giant club
              (27 damage)
             ... on level 8 of the Dungeon on Sept 24, 2016.
             The game lasted 01:08:08 (8846 turns).

JeffiDaFish the Magician (DrFE)                     Turns: 8846, Time: 01:08:09

Health: -3/81      AC:  8    Str: 20    XL:     10   Next: 4%
Magic:  20/20      EV: 13    Int: 23    God:    Makhleb [***...]
Gold:   409        SH:  0    Dex:  8    Spells: 4 memorised, 10 levels left

rFire  . . .     SeeInvis .     s - +5 war axe
rCold  . . .     Gourm    .     (armour unavailable)
rNeg   . . .     Faith    .     (no shield)
rPois  +         Spirit   .     (helmet restricted)
rElec  +         Dismiss  .     (no cloak)
rCorr  +         Reflect  .     (no gloves)
MR     .....     Harm     .     (no boots)
Stlth  +++....... Rnd*Rage +    (no amulet)
                                A - ring "Zumpydd" {rElec rPois Str+9 Dex-4 Stlth+}
                                d - +5 ring of intelligence

@: no status effects
A: spit acid, acid resistance, unfitting armour, beak, berserk 1, cold-blooded,
AC +7
a: Spit Acid, Minor Destruction, Lesser Servant of Makhleb, Renounce Religion


You were on level 8 of the Dungeon.
You worshipped Makhleb.
Makhleb was most pleased with you.
You were hungry.

You visited 1 branch of the dungeon, and saw 8 of its levels.
You also visited: Ossuary.

You collected 409 gold pieces.

Inventory:

Hand Weapons
 e - a +0 short sword
 h - a +0 hand axe
 s - a +5 war axe (weapon)
Missiles
 k - 15 tomahawks (quivered)
 l - 3 needles of confusion
Jewellery
 d - a +5 ring of intelligence (left hand)
 j - an uncursed ring of protection from fire
 q - an uncursed ring of wizardry
 A - the ring "Zumpydd" (right hand) {rElec rPois Str+9 Dex-4 Stlth+}
   (You acquired it on level 7 of the Dungeon)

   [ring of poison resistance]

   It affects your strength (+9).
   It affects your dexterity (-4).
   It insulates you from electricity.
   It protects you from poison.
   It makes you more stealthy.
Wands
 n - a wand of acid (0/15)
 y - a wand of enslavement (15/24)
Scrolls
 g - 3 scrolls of remove curse
 m - a scroll of magic mapping
 p - 3 scrolls of recharging
 t - a scroll of teleportation
 u - 2 scrolls of identify
 G - 2 scrolls of amnesia
Potions
 o - 3 potions of resistance
 r - 2 potions of haste
 w - 2 potions of ambrosia
 z - a potion of agility
 B - 4 potions of curing
 C - a potion of mutation
 D - a potion of heal wounds
 E - a potion of invisibility
 F - 3 potions of might
Books
 a - a book of Flames

   Spells                             Type                      Level
   a - Flame Tongue                   Conjuration/Fire             1
   b - Throw Flame                    Conjuration/Fire             2
   c - Conjure Flame                  Conjuration/Fire             3
   d - Inner Flame                    Hexes/Fire                   3
   e - Sticky Flame                   Conjuration/Fire             4
   f - Fireball                       Conjuration/Fire             5
 v - Sif Muna's Collected Works on Enchanting Confrontation
   (You acquired it on level 5 of the Dungeon)

   Spells                             Type                      Level
   a - Inner Flame                    Hexes/Fire                   3
   b - Sticky Flame                   Conjuration/Fire             4
   c - Throw Icicle                   Conjuration/Ice              4
   d - Iskenderun's Battlesphere      Conjuration/Charms           5
Comestibles
 b - 5 bread rations
 c - a meat ration
 f - 7 beef jerkies
 i - a fruit


   Skills:
 + Level 5.3 Fighting
 + Level 4.8 Axes
 + Level 5.0 Dodging
 + Level 5.1 Stealth
 - Level 0.2 Unarmed Combat
 * Level 6.6 Spellcasting
 + Level 5.1 Conjurations
 + Level 6.6 Fire Magic


You had 10 spell levels left.
You knew the following spells:

 Your Spells              Type           Power        Failure   Level  Hunger
a - Flame Tongue          Conj/Fire      ####.        1%          1    None
b - Throw Flame           Conj/Fire      ####..       1%          2    None
c - Sticky Flame          Conj/Fire      ####....     10%         4    ###....
d - Fireball              Conj/Fire      ####......   21%         5    #####..


Dungeon Overview and Level Annotations

Branches:
Dungeon (8/15)             Temple (0/1) D:6
   Lair: D:8-11

Altars:
Ashenzari
Elyvilon
Fedhas
Gozag
Hepliaklqana
Kikubaaqudgha
Makhleb
Nemelex Xobeh
Okawaru
Qazlal
Ru
Trog
Xom
Zin


Innate Abilities, Weirdness & Mutations

You can spit globs of acid.
You are resistant to acid.
Your golden yellow scales are hard. (AC +7)
Your body does not fit into most forms of armour.
You are cold-blooded and may be slowed by cold attacks.
You have a beak for a mouth.
You tend to lose your temper in combat.


Message History

You barely miss the killer bee. Your peck misses the killer bee.
The killer bee stings you.
The killer bee stings you but does no damage.
The killer bee closely misses you.
You miss the killer bee.
The killer bee stings you but does no damage. x2
The killer bee barely misses you.
You barely miss the killer bee. Your peck misses the killer bee.
The killer bee completely misses you. The killer bee misses you.
The ogre hits you with a giant club!!
You slash the killer bee!
The killer bee is almost dead.
You closely miss the ogre. The killer bee misses you.
The killer bee barely misses you. The killer bee closely misses you.
You miss the killer bee. Your peck misses the killer bee.
The killer bee is almost dead.
You hit the ogre. The killer bee stings you.
* * * LOW HITPOINT WARNING * * *
The ogre hits you with a giant club!!
You die...

####<#.# .# #.#.# .#
#.#.# .# #.#.# F###.#.#
.+...#.# .##..#.# $
.#...#.####+########....
..$............y@O......
<#...#......########..?.
.############ # h. .# ..
.# ..


You could see an ogre and a killer bee.

Vanquished Creatures
  A sixfirhy (D:7)
  Grinder (D:6)
  Menkaure (Ossuary)
  A black bear (D:8)
  5 ogres
  2 orc warriors (D:6)
  2 sky beasts
  7 centaurs
  3 bullfrogs
  Blork the orc (D:5)
  2 scorpions
  4 killer bees (D:8)
  A howler monkey (D:5)
  2 centaur zombies (Ossuary)
  A crimson imp (D:6)
  A hound (D:3)
  4 orc priests
  4 jellies
  6 orc wizards
  A bullfrog skeleton (D:6)
  2 iguanas
  6 worker ants
  2 ogre zombies (Ossuary)
  A big kobold zombie (Ossuary)
  6 mummies (Ossuary)
  A howler monkey skeleton (D:6)
  12 adders
  A shadow imp (D:8)
  2 adder zombies (Ossuary)
  A worm (D:2)
  3 dart slugs
  2 leopard geckos
  36 orcs
  17 giant cockroaches
  6 goblins
  9 hobgoblins
  7 jackals
  5 kobolds
  A quokka (D:7)
  6 bats
  6 frilled lizards
  A gnoll zombie (D:7)
  A goblin zombie (Ossuary)
  2 hobgoblin zombies (Ossuary)
  4 kobold zombies (Ossuary)
  4 quokka zombies
  7 rats
  7 rat zombies (Ossuary)
208 creatures vanquished.

Notes
Turn   | Place    | Note
-------+----------+-------------------------------------------
     0 | D:1      | JeffiDaFish the Draconian Fire Elementalist began the quest for the Orb.
     0 | D:1      | Reached XP level 1. HP: 14/14 MP: 3/3
   179 | D:1      | Reached XP level 2. HP: 15/20 MP: 3/5
   191 | D:1      | Learned a level 2 spell: Throw Flame
   566 | D:1      | Reached XP level 3. HP: 24/26 MP: 6/6
  1067 | D:2      | Upgraded the game from 0.19-a0-1673-g1c1b307 to 0.19-a0-1682-g5114f93
  1241 | D:2      | Found a blossoming altar of Fedhas.
  1688 | D:2      | Reached XP level 4. HP: 33/34 MP: 7/7
  1968 | D:3      | Reached skill level 1 in Fighting
  1968 | D:3      | Reached skill level 1 in Axes
  2053 | D:3      | Reached XP level 5. HP: 40/40 MP: 4/9
  2143 | D:3      | Found an ancient bone altar of Kikubaaqudgha.
  2191 | D:3      | HP: 2/40 [orc wizard/magic dart (6)]
  2500 | D:3      | Found an opulent altar of Gozag.
  2648 | D:3      | Gained mutation: You have a beak for a mouth. [potion of mutation]
  2648 | D:3      | Gained mutation: You tend to lose your temper in combat. [potion of mutation]
  2728 | D:3      | Noticed an ogre
  2753 | D:3      | Killed an ogre
  2753 | D:3      | Reached XP level 6. HP: 25/48 MP: 1/10
  2962 | D:4      | Found a glowing silver altar of Zin.
  2963 | D:4      | Found a sparkling altar of Nemelex Xobeh.
  2969 | D:4      | Found a bloodstained altar of Trog.
  2972 | D:4      | Found a stormy altar of Qazlal.
  2972 | D:4      | Found a white marble altar of Elyvilon.
  2980 | D:4      | Found a burning altar of Makhleb.
  2989 | D:4      | Found an iron altar of Okawaru.
  2992 | D:4      | Became a worshipper of Makhleb the Destroyer
  3007 | D:4      | Noticed a sky beast
  3021 | D:4      | Killed a sky beast
  3392 | D:4      | Learned a level 4 spell: Sticky Flame
  3493 | D:5      | Entered Level 5 of the Dungeon
  3565 | D:5      | Your scales start taking on a golden yellow colour.
  3565 | D:5      | Reached XP level 7. HP: 46/55 MP: 7/12
  3587 | D:5      | Found a sacrificial altar of Ru.
  3975 | D:5      | Identified a scroll of acquirement
  3975 | D:5      | Identified Sif Muna's Collected Works on Enchanting Confrontation (You acquired it on level 5 of the Dungeon)
  4008 | D:5      | Reached skill level 5 in Fire Magic
  4131 | D:5      | Noticed Blork the orc
  4141 | D:5      | Killed Blork the orc
  4275 | D:5      | Reached * piety under Makhleb
  4550 | D:5      | Reached XP level 8. HP: 9/63 MP: 4/14
  5061 | D:6      | Noticed Grinder
  5452 | D:6      | Reached skill level 5 in Spellcasting
  5655 | D:6      | Paralysed by Grinder for 6 turns
  5665 | D:6      | Killed Grinder
  5901 | D:6      | Found a shimmering altar of Xom.
  5985 | D:6      | Found a staircase to the Ecumenical Temple.
  6122 | D:6      | Reached XP level 9. HP: 71/71 MP: 14/17
  6312 | D:6      | Found a hazy altar of Hepliaklqana.
  6312 | D:6      | Found a shattered altar of Ashenzari.
  6367 | D:6      | Reached ** piety under Makhleb
  6769 | D:6      | Learned a level 5 spell: Fireball
  6845 | D:7      | Got a coiled platinum ring
  6847 | D:7      | Identified the ring "Zumpydd" {rElec rPois Str+9 Dex-4 Stlth+} (You acquired it on level 7 of the Dungeon)
  7136 | D:7      | Found a runed door.
  7140 | D:7      | Noticed a sixfirhy
  7148 | D:7      | Killed a sixfirhy
  7204 | D:7      | Found a sand-covered staircase.
  7314 | Ossuary  | Entered an ossuary
  7500 | Ossuary  | Noticed Menkaure
  7508 | Ossuary  | Killed Menkaure
  7662 | Ossuary  | Reached *** piety under Makhleb
  7888 | D:7      | Reached skill level 5 in Fighting
  7972 | D:7      | Got a brightly glowing flail
  7973 | D:7      | Identified the cursed +1 flail of Linearity {antimagic, -Tele rC+++ MR+++ MP-9} (You found it on level 7 of the Dungeon)
  8714 | D:8      | Reached skill level 5 in Stealth
  8727 | D:8      | Reached skill level 5 in Dodging
  8727 | D:8      | Reached skill level 5 in Conjurations
  8729 | D:8      | Reached XP level 10. HP: 69/81 MP: 15/19
  8846 | D:8      | Slain by an ogre

Vault maps used:
D:1:      dpeg_arrival_tiny_a
D:2:      minmay_roachtagon, first_bread, minivault_19, grunt_ministairs_13,
          fedhas_altar_2
D:3:      overflow_temple_1_default, lemuel_round_altar
D:4:      minitemple
D:5:      nicolae_ru_awakened_eye, uniq_blork_the_orc
D:6:      gammafunk_temple_overflow_wave, brannock_xom_greatest_gift,
          uniq_grinder
D:7:      cheibrodos_shockbox, enter_ossuary_3, grunt_ogre_cave
D:8:      lemuel_ice_spiral_2, minmay_checkerbox
Ossuary:  ossuary_boxes_badplayer

Skill      XL: |  1  2  3  4  5  6  7  8  9 |
---------------+----------------------------+-----
Dodging        | 2 3 4 5 |  5.0
Fire Magic     | 4 5 6 |  6.6
Fighting       | 1 2 3 4 5 |  5.3
Axes           | 1 2 3 4 |  4.8
Stealth        | 2 3 4 5 |  5.1
Spellcasting   | 3 4 5 6 |  6.6
Conjurations   | 2 3 4 5 |  5.1
Unarmed Combat | |  0.2

Action                   |  1- 3 |  4- 6 |  7- 9 | 10-12 || total
-------------------------+-------+-------+-------+-------++-------
Melee: Unarmed           |     9 |       |       |       ||     9
       Short sword       |     2 |       |       |       ||     2
       Hand axe          |   129 |   105 |       |       ||   234
       Tailslap          |    10 |     7 |    29 |       ||    46
       Peck              |       |     3 |    32 |     1 ||    36
       War axe           |       |       |   177 |    25 ||   202
 Cast: Flame Tongue      |    21 |    44 |    89 |       ||   154
       Throw Flame       |     4 |    16 |    61 |       ||    81
       Sticky Flame      |       |     1 |     9 |       ||    10
       Fireball          |       |       |     3 |     1 ||     4
 Abil: Spit Acid         |       |       |     2 |       ||     2
Evoke: Wand              |       |     1 |       |       ||     1
  Use: Scroll            |     4 |     5 |     8 |       ||    17
       Potion            |     4 |     4 |     4 |       ||    12
 Stab: Sleeping          |     1 |       |    14 |       ||    15
  Eat: Chunk             |     2 |     3 |     7 |       ||    12
       Fruit             |     1 |       |     1 |       ||     2
       Bread ration      |       |     1 |     2 |       ||     3
       Meat ration       |       |       |     1 |       ||     1
Armor: Skin              |    65 |    54 |    62 |    15 ||   196
Dodge: Dodged            |   128 |    89 |   151 |    34 ||   402
